 Dungeon Crawl Stone Soup version 0.20.1-1-g8b1a95d (webtiles) character file.

112 polve the Changer (level 4, -3/35 HPs)
             Began as a Draconian Transmuter on Aug 4, 2017.
             Killed from afar by an orc (15 damage)
             ... with a wand of lightning (?/15)
             ... on level 3 of the Dungeon.
             The game lasted 00:02:42 (2687 turns).

polve the Changer (Draconian Transmuter)            Turns: 2687, Time: 00:02:43

Health: -3/35      AC:  6    Str: 12    XL:     4   Next: 64%
Magic:  6/7        EV: 12    Int: 15    God:
Gold:   63         SH:  0    Dex: 11    Spells: 1/7 levels left

rFire    . . .     SeeInvis .     - Unarmed
rCold    . . .     Gourm    .   (no shield)
rNeg     . . .     Faith    .   (armour unavailable)
rPois    .         Spirit   .   (helmet restricted)
rElec    .         Reflect  .   j - +0 cloak
rCorr    .         Harm     .   (no gloves)
MR       .....                  (no boots)
Stlth    +.........             (no amulet)
Regen    0.2/turn               (no ring)
MPRegen  0.1/turn               (no ring)

@: appendage
A: unfitting armour, horns 2, cold-blooded, AC +5
a: End Transformation


You were on level 3 of the Dungeon.
You were not hungry.
You had grown temporary horns.
You visited 1 branch of the dungeon, and saw 3 of its levels.

You collected 63 gold pieces.

Inventory:

Missiles
 a - 24 arrows (quivered)
Armour
 j - a +0 cloak (worn)
Scrolls
 d - a scroll of identify
 e - a scroll of enchant armour
 i - a scroll of amnesia
 l - a scroll of random uselessness {unknown}
Potions
 h - a potion of heal wounds
Books
 b - a book of Changes

   Spells                             Type                      Level
   a - Beastly Appendage              Transmutation                1
   b - Sticks to Snakes               Transmutation                2
   c - Spider Form                    Transmutation/Poison         3
   d - Ice Form                       Ice/Transmutation            4
   e - Blade Hands                    Transmutation                5
Comestibles
 c - 2 bread rations
 f - 3 chunks of flesh
 g - a royal jelly
 k - 2 meat rations


   Skills:
 - Level 1.1 Fighting
 - Level 1.7 Dodging
 - Level 3.0 Unarmed Combat
 - Level 2.0 Spellcasting
 + Level 4.9 Transmutations


You had one spell level left.
You knew the following spells:

 Your Spells              Type           Power        Failure   Level  Hunger
a - Beastly Appendage     Tmut           ###...       3%          1    #......
b - Sticks to Snakes      Tmut           ###.....     4%          2    ###....
c - Spider Form           Tmut/Pois      #.........   24%         3    ###....


Dungeon Overview and Level Annotations

Branches:
Dungeon (3/15)

Altars:


Innate Abilities, Weirdness & Mutations

Your plain brown scales are hard. (AC +5)
You cannot fit into any form of body armour.
You are cold-blooded and may be slowed by cold attacks.
You have a pair of horns on your head.


Message History

You hit the bat.
The bat is moderately wounded.
The bat misses you.
An orc comes into view. It is wielding a dagger.
The orc shouts!
You hear a shout!
The bat barely misses you.
Found a ring mail.
An orc comes into view.
The bat closely misses you. The orc barely misses you.
You barely miss the orc. The bat hits you but does no damage.
The orc hits you but does no damage.
You barely miss the orc.
You tail-slap the orc, but do no damage.
The bat hits you but does no damage. The bat misses you.
You barely miss the orc. The bat closely misses you. The bat barely misses you.
The orc zaps a wand.
The bolt of lightning hits you!
Ouch! That really hurt!
* * * LOW HITPOINT WARNING * * *
The bolt of lightning hits you!
You die...

#.......#
####.#### ###
### #.# ## #..
..# #.#
.##.###.# #.#
#)# ........#
#.# #.#
.[..<...#
#.###.#
.....b.o#
#.....#
#o@#####.#####
#....(...#
............##
#############


You could see 2 orcs and a bat.

Vanquished Creatures
  Crazy Yiuf (D:2)
  Terence (D:2)
  An adder (D:2)
  An ooze (D:1)
  2 worms (D:2)
  A dart slug (D:2)
  A leopard gecko (D:1)
  2 orcs
  6 bats
  5 goblins
  3 hobgoblins
  4 jackals (D:1)
  2 frilled lizards
  2 kobolds
  4 rats (D:2)
36 creatures vanquished.

Notes
Turn   | Place    | Note
-------+----------+-------------------------------------------
     0 | D:1      | polve the Draconian Transmuter began the quest for the Orb.
     0 | D:1      | Reached XP level 1. HP: 16/16 MP: 3/3
   251 | D:1      | Reached XP level 2. HP: 16/23 MP: 3/5
   256 | D:1      | Reached skill level 3 in Transmutations
  1020 | D:2      | Reached XP level 3. HP: 11/28 MP: 4/6
  1798 | D:2      | Noticed Terence
  1829 | D:2      | Killed Terence
  1829 | D:2      | Reached skill level 4 in Transmutations
  1844 | D:2      | Learned a level 2 spell: Sticks to Snakes
  1848 | D:2      | Learned a level 3 spell: Spider Form
  2085 | D:2      | Reached XP level 4. HP: 31/35 MP: 7/7
  2192 | D:2      | Found a runed door.
  2444 | D:2      | Noticed Crazy Yiuf
  2452 | D:2      | Killed Crazy Yiuf
  2687 | D:3      | Killed from afar by an orc

Skill      XL: |  1  2  3 |
---------------+----------+-----
Transmutations | 3 4 |  4.9
Fighting       | |  1.1
Dodging        | |  1.7
Unarmed Combat | |  3.0
Spellcasting   | |  2.0

Action                   |  1- 3 |  4- 6 || total
-------------------------+-------+-------++-------
Melee: Unarmed           |   148 |    28 ||   176
       Tailslap          |    20 |     1 ||    21
       Headbutt          |     5 |       ||     5
       Kick              |    11 |     2 ||    13
       Punch             |     1 |     1 ||     2
 Cast: Beastly Appendage |     8 |     4 ||    12
  Use: Scroll            |     5 |       ||     5
 Stab: Sleeping          |       |     1 ||     1
  Eat: Chunk             |     4 |     2 ||     6
Armor: Skin              |    36 |     6 ||    42
Dodge: Dodged            |    99 |    18 ||   117
